 Dungeon Crawl Stone Soup version 0.23.2-11-gf996548c65 (webtiles) character file.

Game seed: 17159512579267689103

42 Nattfarinn the Skirmisher (level 3, -4/24 HPs)
             Began as a Gargoyle Fighter on June 4, 2019.
             Slain by a gnoll
             ... wielding a +0 halberd
              (7 damage)
             ... on level 2 of the Dungeon.
             The game lasted 00:01:33 (1183 turns).

Nattfarinn the Skirmisher (Gargoyle Fighter)        Turns: 1183, Time: 00:01:33

Health: -4/24      AC: 11    Str: 19    XL:     3   Next: 54%
Magic:  3/3        EV:  7    Int:  8    God:
Gold:   48         SH:  9    Dex: 10    Spells: 2/2 levels left

rFire    . . .     SeeInvis .   a - +0 flail
rCold    . . .     Gourm    .   c - +0 shield
rNeg     + . .     Faith    .   b - +0 scale mail
rPois    ∞         Spirit   .   (no helmet)
rElec    +         Reflect  .   k - +0 cloak
rCorr    .         Harm     .   (no gloves)
MR       .....                  (no boots)
Stlth    ..........             h - amulet of regeneration (curse)
HPRegen  0.48/turn              (no ring)
MPRegen  0.08/turn              (no ring)

@: no status effects
A: negative energy resistance 1, electricity resistance, unbreathing,
petrification resistance, rot immunity, AC +3
a: no special abilities


You were on level 2 of the Dungeon.
You were not hungry.

You visited 1 branch of the dungeon, and saw 2 of its levels.

You collected 48 gold pieces.

Inventory:

Hand Weapons
 a - a +0 flail (weapon)
Armour
 b - a +0 scale mail (worn)
 c - a +0 shield (worn)
 k - a +0 cloak (worn)
Jewellery
 h - a cursed amulet of regeneration (around neck)
Scrolls
 l - a scroll of teleportation
 m - a scroll of remove curse {unknown}
Potions
 d - 2 potions of might
 e - a potion of brilliance
 g - a potion of agility {unknown}
 i - a potion of ambrosia {unknown}
 j - a potion of flight {unknown}
Comestibles
 f - 2 rations


   Skills:
 * Level 4.0 Fighting
 + Level 2.4 Maces & Flails
 + Level 3.6 Armour
 + Level 3.7 Shields


You had 2 spell levels left.
You didn't know any spells.
Your spell library was empty.

Dungeon Overview and Level Annotations

Branches:
Dungeon (2/15)

Altars:


Innate Abilities, Weirdness & Mutations

You are resistant to torment.
Your stone body is resilient. (AC +3)
You are immune to poison.
You resist negative energy. (rN+)
You are resistant to electric shocks. (rElec)
You can survive without breathing.
You are immune to petrification.
You are immune to rotting.


Message History

You block the gnoll's attack.
You barely miss the gnoll. The gnoll hits you but does no damage.
You block the gnoll's attack. The gnoll hits you with a +0 halberd.
You closely miss the gnoll. You block the gnoll's attack.
The gnoll hits you but does no damage. The gnoll hits you with a +0 halberd.
* * * LOW HITPOINT WARNING * * *
The gnoll closely misses you.
You are too injured to fight recklessly!
You are too injured to fight recklessly!
You are too injured to fight recklessly!
You are too injured to fight recklessly!
You are too injured to fight recklessly!
You are too injured to fight recklessly!
You are too injured to fight recklessly!
You are too injured to fight recklessly!
You are too injured to fight recklessly!
You are too injured to fight recklessly!
You are too injured to fight recklessly!
The gnoll hits you from afar with a +0 halberd!
You die...

## # .# #. .#
####
.####g##.##......
>....%.g.......
#g# ... #@###.#
#?....#####
###.#......
####...)..#
#.........#
#.........#
#.........#
#....######
##.###


You could see 3 gnolls.

Vanquished Creatures
  A gnoll (D:2)
  A dart slug (D:2)
  4 bats
  A giant cockroach (D:1)
  A goblin (D:1)
  2 hobgoblins (D:1)
  8 jackals (D:1)
  2 frilled lizards (D:1)
  4 kobolds (D:1)
  5 rats
29 creatures vanquished.

Notes
Turn   | Place    | Note
-------+----------+-------------------------------------------
     0 | D:1      | Nattfarinn the Gargoyle Fighter began the quest for the
                  | Orb.
     0 | D:1      | Reached XP level 1. HP: 14/14 MP: 1/1
   227 | D:1      | Reached XP level 2. HP: 19/19 MP: 2/2
   582 | D:1      | Reached XP level 3. HP: 24/24 MP: 3/3
  1177 | D:2      | Reached skill level 4 in Fighting
  1183 | D:2      | Slain by a gnoll

Skill      XL: |  1  2  3 |
---------------+----------+-----
Fighting       | 4 |  4.0
Maces & Flails | |  2.4
Armour         | |  3.6
Shields        | |  3.7

Action                   || total
-------------------------++-------
Melee: Flail             ||   112
  Use: Scroll            ||     3
  Eat: Chunk             ||     1
Armor: Scale mail        ||    81
Dodge: Dodged            ||    28
Block: Shield            ||    63
